General information
- name: BNet
- type: Ladder team game (AT/RT)
- host: Battle.net
- saver: DontCreepWithMe
map: Cherryville
- players: 8
- length: 24:41
- speed: Fast
- version: 1.26 W3XP
- replay type: Public
» download(193 KB)
Players
team 1 (loser)
May[B] (
teal | 85 APM | 2024 actions | 23:46)
4 Death Knight
2 Death Coil
1 Unholy Aura
1 Death Pact
1 Crypt Lord
1 Impale
» actions
| Assign group hotkey | 26 | |
| Basic commands | 30 | |
| Build / train | 65 | |
| Enter build submenu | 23 | |
| Enter hero's abilities submenu | 5 | |
| Remove unit from queue | 2 | |
| Right click | 680 | |
| Select / deselect | 561 | |
| Select group hotkey | 555 | |
| Use ability | 77 | |
2024 total
» units
| Acolyte | 14 | |
| Ghoul | 9 | |
| Crypt Fiend | 9 | |
| Frost Wyrm | 1 | |
33 total
» upgrades
| Creature Attack | 3 | |
| Web | 1 | |
| Burrow | 1 | |
| Creature Carapace | 2 | |
| Freezing Breath | 1 | |
8 total
» buildings
| Crypt | 3 | |
| Graveyard | 1 | |
| Altar of Darkness | 1 | |
| Ziggurat | 8 | |
| Tomb of Relics | 1 | |
| Nerubian Tower | 1 | |
| Halls of the Dead | 1 | |
| Necropolis | 1 | |
| Spirit Tower | 3 | |
| Black Citadel | 1 | |
| Sacrificial Pit | 1 | |
| Boneyard | 3 | |
| Slaughterhouse | 1 | |
26 total
» build order
00:21 Crypt
00:23 Graveyard
00:50 Altar of Darkness
00:59 Ziggurat
01:31 Tomb of Relics
02:02 Ziggurat
04:08 Ziggurat
04:16 Nerubian Tower
07:15 Halls of the Dead
07:21 Ziggurat
07:59 Ziggurat
08:00 Ziggurat
08:12 Ziggurat
08:15 Necropolis
10:30 Spirit Tower
10:34 Crypt
10:37 Crypt
11:44 Spirit Tower
12:30 Black Citadel
13:32 Sacrificial Pit
14:25 Spirit Tower
15:24 Boneyard
15:45 Boneyard
15:45 Boneyard
18:31 Slaughterhouse
18:44 Ziggurat
» items
| Rod of Necromancy | 1 | |
| Dust of Appearance | 2 | |
| Healing Salve | 1 | |
| Lesser Clarity Potion | 1 | |
| Scroll of Town Portal | 2 | |
| Potion of Healing | 1 | |
| Scroll of Speed | 1 | |
9 total

»
imbad. (
green | 70 APM | 1696 actions | 24:05)
5 Death Knight
3 Death Coil
2 Unholy Aura
4 Lich
2 Frost Nova
2 Frost Armor
3 Crypt Lord
2 Impale
1 Spiked Carapace
» actions
| Assign group hotkey | 60 | |
| Build / train | 59 | |
| Enter build submenu | 16 | |
| Enter hero's abilities submenu | 12 | |
| Give item / drop item | 11 | |
| Right click | 984 | |
| Select / deselect | 336 | |
| Select group hotkey | 120 | |
| Use ability | 98 | |
1696 total
» units
| Acolyte | 2 | |
| Ghoul | 2 | |
| Crypt Fiend | 8 | |
| Obsidian Statue | 2 | |
| Gargoyle | 4 | |
| Frost Wyrm | 4 | |
22 total
» upgrades
| Creature Attack | 3 | |
| Creature Carapace | 1 | |
| Burrow | 1 | |
| Web | 1 | |
| Freezing Breath | 1 | |
7 total
» buildings
| Graveyard | 1 | |
| Crypt | 1 | |
| Altar of Darkness | 1 | |
| Ziggurat | 7 | |
| Tomb of Relics | 1 | |
| Nerubian Tower | 1 | |
| Halls of the Dead | 1 | |
| Slaughterhouse | 1 | |
| Black Citadel | 3 | |
| Sacrificial Pit | 1 | |
| Boneyard | 1 | |
19 total
» build order
00:29 Graveyard
00:34 Crypt
00:49 Altar of Darkness
00:57 Ziggurat
01:16 Tomb of Relics
02:01 Ziggurat
02:56 Nerubian Tower
03:44 Halls of the Dead
04:28 Ziggurat
06:56 Slaughterhouse
07:01 Ziggurat
08:09 Ziggurat
08:40 Black Citadel
08:40 Black Citadel
09:45 Sacrificial Pit
11:15 Boneyard
13:07 Ziggurat
17:27 Ziggurat
» items
| Rod of Necromancy | 1 | |
| Dust of Appearance | 1 | |
| Scroll of Town Portal | 6 | |
| Potion of Lesser Invulnerability | 1 | |
| Orb of Corruption | 1 | |
10 total
KingSgammato (
red | 31 APM | 756 actions | 24:20)
6 Blood Mage
3 Flame Strike
2 Siphon Mana
1 Summon Phoenix
» actions
| Assign group hotkey | 5 | |
| Basic commands | 73 | |
| Build / train | 60 | |
| Enter build submenu | 26 | |
| Enter hero's abilities submenu | 6 | |
| Remove unit from queue | 4 | |
| Right click | 251 | |
| Select / deselect | 234 | |
| Select group hotkey | 42 | |
| Use ability | 55 | |
756 total
» units
| Peasant | 6 | |
| Footman | 21 | |
| Priest | 3 | |
| Knight | 7 | |
| Gryphon Rider | 6 | |
43 total
» buildings
| Altar of Kings | 1 | |
| Farm | 9 | |
| Barracks | 2 | |
| Lumber Mill | 1 | |
| Scout Tower | 5 | |
| Guard Tower | 3 | |
| Arcane Tower | 1 | |
| Keep | 1 | |
| Castle | 1 | |
| Arcane Sanctum | 1 | |
| Blacksmith | 1 | |
| Gryphon Aviary | 2 | |
28 total
» build order
00:14 Altar of Kings
00:25 Farm
00:53 Barracks
01:10 Farm
01:46 Farm
01:51 Lumber Mill
02:03 Farm
02:34 Scout Tower
02:43 Barracks
03:02 Guard Tower
03:08 Scout Tower
03:47 Scout Tower
04:03 Arcane Tower
06:06 Farm
07:51 Guard Tower
09:16 Keep
10:00 Scout Tower
10:50 Farm
10:52 Guard Tower
12:20 Castle
12:25 Arcane Sanctum
12:31 Blacksmith
12:34 Gryphon Aviary
12:38 Gryphon Aviary
14:31 Scout Tower
15:23 Farm
18:24 Farm
20:03 Farm
BadToTheBone (
yellow | 50 APM | 1226 actions | 24:39)
6 Blademaster
3 Wind Walk
2 Critical Strike
1 Bladestorm
» actions
| Assign group hotkey | 29 | |
| Basic commands | 21 | |
| Build / train | 71 | |
| Enter build submenu | 39 | |
| Enter hero's abilities submenu | 6 | |
| Give item / drop item | 7 | |
| Remove unit from queue | 3 | |
| Right click | 522 | |
| Select / deselect | 290 | |
| Select group hotkey | 104 | |
| Use ability | 134 | |
1226 total
» units
| Peon | 13 | |
| Grunt | 4 | |
| Goblin Shredder | 2 | |
| Wind Rider | 10 | |
29 total
» upgrades
| Ranged Weapons | 3 | |
| Armor | 3 | |
| Envenomed Spears | 1 | |
| Reinforced Defenses | 1 | |
| Troll Regeneration | 1 | |
| Spiked Barricades | 2 | |
| Pillage | 1 | |
12 total
» buildings
| Orc Burrow | 7 | |
| Altar of Storms | 1 | |
| Barracks | 1 | |
| Voodoo Lounge | 2 | |
| Stronghold | 1 | |
| War Mill | 1 | |
| Great Hall | 2 | |
| Watch Tower | 30 | |
| Fortress | 1 | |
| Beastiary | 6 | |
52 total
» build order
00:12 Orc Burrow
00:51 Altar of Storms
00:52 Barracks
01:05 Orc Burrow
01:43 Voodoo Lounge
02:55 Stronghold
04:16 Orc Burrow
04:19 War Mill
05:30 Great Hall
05:34 Watch Tower
05:35 Watch Tower
05:39 Watch Tower
06:40 Watch Tower
07:09 Orc Burrow
09:13 Fortress
10:27 Beastiary
10:30 Beastiary
10:33 Beastiary
11:26 Great Hall
12:10 Watch Tower
12:10 Watch Tower
12:11 Watch Tower
12:13 Watch Tower
15:43 Watch Tower
15:43 Watch Tower
15:44 Watch Tower
15:45 Watch Tower
15:46 Watch Tower
15:46 Watch Tower
15:46 Watch Tower
15:47 Watch Tower
15:48 Watch Tower
15:48 Watch Tower
15:49 Watch Tower
15:51 Watch Tower
15:52 Watch Tower
15:53 Watch Tower
15:53 Watch Tower
15:53 Watch Tower
15:57 Watch Tower
15:58 Watch Tower
17:32 Voodoo Lounge
17:37 Watch Tower
17:38 Watch Tower
17:38 Watch Tower
17:39 Watch Tower
20:12 Beastiary
20:14 Beastiary
20:17 Beastiary
22:02 Orc Burrow
22:07 Orc Burrow
22:21 Orc Burrow
» items
| Healing Salve | 4 | |
| Periapt of Vitality | 2 | |
| Staff of Teleportation | 2 | |
| Potion of Healing | 2 | |
| Potion of Mana | 2 | |
| Scroll of Healing | 1 | |
| Orb of Corruption | 1 | |
| Lesser Clarity Potion | 2 | |
| Scroll of Town Portal | 1 | |
17 total
team 2 (winner)
dch (
pink | 132 APM | 2568 actions | 19:24)
5 Priestess of the Moon
3 Trueshot Aura
2 Scout
» actions
| Assign group hotkey | 35 | |
| Basic commands | 91 | |
| Build / train | 115 | |
| ESC pressed | 2 | |
| Enter build submenu | 21 | |
| Enter hero's abilities submenu | 5 | |
| Give item / drop item | 3 | |
| Right click | 932 | |
| Select / deselect | 446 | |
| Select group hotkey | 805 | |
| Use ability | 112 | |
2568 total
» units
| Wisp | 38 | |
| Archer | 21 | |
| Druid of the Claw | 10 | |
| Dryad | 2 | |
71 total
» upgrades
| Improved Bows | 1 | |
| Druid of the Claw Training | 2 | |
| Mark of the Claw | 1 | |
| Abolish Magic | 1 | |
| Marksmanship | 1 | |
6 total
» buildings
| Altar of Elders | 1 | |
| Moon Well | 6 | |
| Ancient of War | 2 | |
| Tree of Life | 3 | |
| Tree of Ages | 3 | |
| Hunter's Hall | 1 | |
| Ancient of Wonders | 1 | |
| Ancient Protector | 1 | |
| Tree of Eternity | 4 | |
| Ancient of Lore | 3 | |
25 total
» build order
00:16 Altar of Elders
00:20 Moon Well
01:29 Ancient of War
01:39 Moon Well
01:53 Ancient of War
02:09 Moon Well
04:35 Tree of Life
04:52 Tree of Ages
04:52 Tree of Ages
04:53 Tree of Ages
05:47 Hunter's Hall
05:49 Ancient of Wonders
07:04 Ancient Protector
07:19 Tree of Eternity
07:20 Tree of Eternity
07:20 Tree of Eternity
08:00 Ancient of Lore
08:02 Ancient of Lore
08:03 Ancient of Lore
09:54 Moon Well
09:55 Moon Well
11:33 Moon Well
14:35 Tree of Life
15:22 Tree of Life
» items
| Scroll of Town Portal | 4 | |
| Potion of Healing | 3 | |
| Staff of Preservation | 1 | |
| Anti-magic Potion | 4 | |
12 total
Case (
orange | 20 APM | 393 actions | 19:35)
3 Blademaster
1 Wind Walk
2 Critical Strike
» actions
| Basic commands | 3 | |
| Build / train | 30 | |
| ESC pressed | 1 | |
| Enter build submenu | 10 | |
| Enter hero's abilities submenu | 3 | |
| Remove unit from queue | 1 | |
| Right click | 184 | |
| Select / deselect | 124 | |
| Use ability | 36 | |
393 total
» units
| Peon | 6 | |
| Troll Headhunter/Berserker | 11 | |
17 total
» upgrades
» buildings
| Altar of Storms | 2 | |
| Orc Burrow | 4 | |
| Voodoo Lounge | 2 | |
| War Mill | 1 | |
| Barracks | 1 | |
| Stronghold | 1 | |
| Fortress | 1 | |
12 total
» build order
00:09 Altar of Storms
00:21 Orc Burrow
00:33 Voodoo Lounge
01:36 War Mill
01:45 Barracks
03:07 Orc Burrow
04:10 Stronghold
07:08 Fortress
07:14 Fortress
07:18 Orc Burrow
11:24 Altar of Storms
11:29 Orc Burrow
11:54 Voodoo Lounge
» items
| Lesser Clarity Potion | 2 | |
| Healing Salve | 1 | |
| Scroll of Speed | 1 | |
| Circlet of Nobility | 1 | |
5 total
DontCreepWithMe (
blue | 108 APM | 2671 actions | 24:41)
7 Pit Lord
3 Rain of Fire
3 Howl of Terror
1 Doom
» actions
| Assign group hotkey | 68 | |
| Basic commands | 45 | |
| Build / train | 203 | |
| ESC pressed | 8 | |
| Enter build submenu | 51 | |
| Enter hero's abilities submenu | 7 | |
| Give item / drop item | 12 | |
| Right click | 924 | |
| Select / deselect | 337 | |
| Select group hotkey | 765 | |
| Use ability | 251 | |
2671 total
» units
| Peasant | 25 | |
| Footman | 11 | |
| Sorceress | 2 | |
| Gryphon Rider | 7 | |
| Dragonhawk Rider | 2 | |
| Flying Machine | 2 | |
49 total
» upgrades
| Swords | 3 | |
| Armor | 3 | |
| Masonry | 3 | |
| Lumber Harvesting | 2 | |
| Sorceress Training | 2 | |
| Magic Sentry | 1 | |
| Storm Hammers | 1 | |
| Cloud | 1 | |
| Animal War Training | 1 | |
| Backpack | 1 | |
| Plating | 3 | |
| Gunpowder | 2 | |
| Barrage | 1 | |
| Flak Cannons | 1 | |
| Flying Machine Bombs | 1 | |
26 total
» buildings
| Barracks | 1 | |
| Altar of Kings | 1 | |
| Farm | 11 | |
| Arcane Vault | 1 | |
| Town Hall | 1 | |
| Scout Tower | 20 | |
| Lumber Mill | 1 | |
| Arcane Tower | 3 | |
| Blacksmith | 2 | |
| Keep | 3 | |
| Guard Tower | 50 | |
| Gryphon Aviary | 4 | |
| Castle | 4 | |
| Arcane Sanctum | 1 | |
| Workshop | 2 | |
105 total
» build order
00:08 Barracks
00:10 Altar of Kings
00:21 Farm
01:00 Farm
01:56 Farm
02:30 Arcane Vault
03:02 Farm
03:50 Town Hall
04:50 Scout Tower
04:59 Lumber Mill
05:20 Arcane Tower
05:21 Arcane Tower
05:21 Arcane Tower
05:30 Blacksmith
05:32 Blacksmith
06:16 Keep
07:14 Scout Tower
07:16 Scout Tower
07:17 Scout Tower
07:20 Scout Tower
07:48 Guard Tower
07:49 Guard Tower
07:49 Guard Tower
07:52 Guard Tower
07:52 Guard Tower
07:52 Guard Tower
07:55 Scout Tower
07:58 Scout Tower
08:02 Scout Tower
08:29 Guard Tower
08:29 Guard Tower
08:30 Guard Tower
08:30 Guard Tower
08:31 Guard Tower
08:31 Guard Tower
08:43 Gryphon Aviary
08:48 Gryphon Aviary
08:51 Castle
08:51 Castle
08:53 Gryphon Aviary
08:57 Gryphon Aviary
10:05 Guard Tower
10:07 Guard Tower
10:07 Guard Tower
10:07 Guard Tower
10:10 Guard Tower
10:10 Guard Tower
10:16 Scout Tower
10:20 Scout Tower
10:21 Scout Tower
10:25 Scout Tower
10:27 Scout Tower
10:29 Scout Tower
10:31 Scout Tower
10:35 Scout Tower
10:48 Arcane Sanctum
10:56 Guard Tower
10:57 Guard Tower
12:42 Guard Tower
12:43 Guard Tower
16:02 Scout Tower
16:03 Scout Tower
16:03 Scout Tower
16:04 Scout Tower
16:11 Farm
16:15 Farm
16:16 Farm
16:21 Farm
16:33 Guard Tower
16:33 Guard Tower
16:33 Guard Tower
16:33 Guard Tower
16:38 Guard Tower
16:38 Guard Tower
16:40 Guard Tower
16:40 Guard Tower
17:52 Workshop
17:54 Workshop
18:25 Farm
18:27 Farm
18:31 Farm
» items
| Scroll of Regeneration | 10 | |
| Boots of Speed | 1 | |
| Staff of Teleportation | 1 | |
| Lesser Clarity Potion | 7 | |
| Mechanical Critter | 3 | |
| Scroll of Healing | 1 | |
| Potion of Invisibility | 4 | |
| Ivory Tower | 3 | |
| Potion of Healing | 4 | |
| Potion of Mana | 2 | |
| Scroll of Town Portal | 4 | |
40 total
ICreepAlone (
purple | 40 APM | 993 actions | 24:40)
6 Archmage
3 Summon Water Elemental
2 Brilliance Aura
1 Mass Teleport
» actions
| Basic commands | 67 | |
| Build / train | 119 | |
| Enter build submenu | 47 | |
| Enter hero's abilities submenu | 6 | |
| Give item / drop item | 5 | |
| Remove unit from queue | 3 | |
| Right click | 201 | |
| Select / deselect | 447 | |
| Use ability | 98 | |
993 total
» units
| Peasant | 19 | |
| Footman | 23 | |
| Gryphon Rider | 6 | |
| Knight | 1 | |
49 total
» upgrades
| Masonry | 3 | |
| Defend | 1 | |
| Lumber Harvesting | 2 | |
| Swords | 3 | |
| Armor | 3 | |
| Storm Hammers | 1 | |
| Animal War Training | 1 | |
14 total
» buildings
| Farm | 10 | |
| Altar of Kings | 1 | |
| Barracks | 2 | |
| Lumber Mill | 1 | |
| Scout Tower | 27 | |
| Arcane Tower | 2 | |
| Guard Tower | 17 | |
| Town Hall | 1 | |
| Arcane Vault | 1 | |
| Keep | 1 | |
| Castle | 1 | |
| Gryphon Aviary | 4 | |
| Blacksmith | 1 | |
| Arcane Sanctum | 1 | |
70 total
» build order
00:37 Farm
00:44 Altar of Kings
01:09 Barracks
01:11 Farm
01:22 Lumber Mill
02:11 Farm
02:18 Barracks
02:36 Scout Tower
03:16 Arcane Tower
03:19 Scout Tower
03:39 Farm
04:11 Guard Tower
04:13 Scout Tower
04:27 Town Hall
04:51 Arcane Vault
05:31 Scout Tower
05:50 Guard Tower
05:57 Farm
06:04 Scout Tower
06:05 Scout Tower
06:06 Scout Tower
06:07 Scout Tower
06:08 Arcane Tower
07:02 Scout Tower
07:04 Keep
07:09 Guard Tower
07:48 Guard Tower
07:50 Scout Tower
07:51 Scout Tower
07:52 Scout Tower
07:56 Guard Tower
07:57 Scout Tower
07:57 Scout Tower
07:58 Scout Tower
08:00 Scout Tower
08:01 Scout Tower
08:03 Scout Tower
09:27 Castle
09:29 Guard Tower
09:35 Guard Tower
09:38 Scout Tower
09:50 Guard Tower
10:22 Guard Tower
10:30 Scout Tower
10:31 Guard Tower
10:53 Gryphon Aviary
11:00 Gryphon Aviary
11:07 Gryphon Aviary
11:39 Guard Tower
11:40 Scout Tower
11:49 Gryphon Aviary
11:55 Blacksmith
11:57 Guard Tower
12:02 Scout Tower
12:20 Scout Tower
12:21 Guard Tower
12:35 Scout Tower
12:41 Guard Tower
12:51 Guard Tower
13:11 Guard Tower
13:22 Farm
13:27 Farm
14:44 Farm
16:29 Scout Tower
16:33 Scout Tower
16:35 Scout Tower
17:32 Guard Tower
18:27 Farm
20:07 Farm
21:56 Arcane Sanctum
» items
| Scroll of Regeneration | 4 | |
| Lesser Clarity Potion | 1 | |
| Scroll of Speed | 1 | |
| Healing Salve | 1 | |
| Scroll of Town Portal | 8 | |
| Potion of Healing | 1 | |
| Boots of Speed | 1 | |
| Scroll of Healing | 2 | |
| Periapt of Vitality | 1 | |
| Staff of Teleportation | 1 | |
21 total
Chat log
(00:07 / All) ICreepAlone: lol
(00:18 / All) ICreepAlone: funny how one is imbad. other badtothebone
(00:25 / All) DontCreepWithMe: I like your name purple
(00:27 / All) DontCreepWithMe: What a coincidence
(00:30 / Allies) ICreepAlone: lol
(00:35 / Allies) dch: cc
(02:05 / All) BadToTheBone: Monstrum in fronte, monstrum in animo
(03:52 / All) BadToTheBone: retarded faggot
(03:56 / All) BadToTheBone: lucky you got 1
(04:30 / All) BadToTheBone: lmao
(04:40 / All) DontCreepWithMe: SIC SEMPER MONSTRUM!
(05:04 / All) BadToTheBone: tping for level 1 hero
(05:07 / All) BadToTheBone: productive day for orange
(05:15 / All) Case: suck my cock
(05:20 / All) BadToTheBone: You're bad at this game
(05:23 / All) DontCreepWithMe: He is pretty bad
(05:27 / All) DontCreepWithMe: not gonna lie
(05:30 / All) Case: i mess around on this account
(05:35 / All) DontCreepWithMe: Sure you do
(05:50 / All) Case: thats why i only have 11 games played...
(05:58 / All) BadToTheBone: You harass level 1
(06:01 / All) BadToTheBone: and tp for level 1
(06:15 / All) DontCreepWithMe: I bet he has a lot of "mess around" accounts
(06:23 / All) Case: nope just 1
(08:34 / Allies) dch: tp ?
(10:43 / All) BadToTheBone: wild thorn berries sucked ass
(10:48 / All) BadToTheBone: I despised that whow
(10:59 / All) BadToTheBone: show*
(13:36 / Allies) ICreepAlone: comin
(15:44 / Allies) dch: b
(15:45 / Allies) dch: b
(18:40 / Allies) ICreepAlone: bllue
(18:41 / Allies) ICreepAlone: tp
(18:49 / Allies) dch: suck
(18:50 / Allies) DontCreepWithMe: I'd rather not
(18:53 / Allies) ICreepAlone: k
(19:24 / All) DontCreepWithMe: very convenient tp
(19:26 / All) DontCreepWithMe: maphack?
(19:44 / All) DontCreepWithMe: green is mh
(19:49 / All) May[B]: nop
(19:54 / All) May[B]: i saw u too
(19:58 / All) DontCreepWithMe: Then how did he tp right when my army arrived?
(20:00 / All) DontCreepWithMe: I only had 3 gryphons
(20:03 / All) DontCreepWithMe: unless you are terrible
(20:06 / All) DontCreepWithMe: you do not tp to 3 gryphons
(23:53 / Allies) DontCreepWithMe: tp staff?
(23:54 / Allies) DontCreepWithMe: wtf
(24:02 / All) imbad.: gg
(24:23 / All) BadToTheBone: lol
(24:28 / All) DontCreepWithMe: too easy
(24:30 / All) ICreepAlone: lol
(24:35 / All) BadToTheBone: My team to lose?